Little Stars vs Senators
Created - November 26, 2024 at 19:35
Goals
|
| Little Stars |
0 |
1 |
0 |
1 |
| Senators |
4 |
1 |
2 |
7 |
|
Shots
|
| Little Stars |
11 |
13 |
9 |
33 |
| Senators |
11 |
11 |
17 |
39 |
|
1st period
1. Senators , Arttu Ruotsalainen 4 (Mason Geertsen 5) at 1:33
2. Senators , Jesse Graham 2 (Vitaly Abramov 6, Arttu Ruotsalainen 6) at 4:10
3. Senators , Christoph Bertschy 7 (Marc Michaelis 7) at 11:30
4. Senators , Kiefer Sherwood 12 (C.J Suess 13, Radek Faksa 13) at 16:51
Penalties :
Samuel Girard (Tex) for Slashing (Minor) at 4:20, Matt Luff (Tex) for Tripping (Minor) at 13:11
2nd period
5. Little Stars , Aidan Mcdonough 3 (Jason Dickinson 12) at 11:18
6. Senators , Artem Zub 3 (Jesse Graham 6, Radek Faksa 14) at 16:38 (PP)
Penalties :
Radek Faksa (Bel) for Roughing (Minor) at 0:15, Marc Michaelis (Bel) for Tripping (Minor) at 4:36, Joey Anderson (Tex) for Tripping (Minor) at 16:32
3rd period
7. Senators , Carl Grundstrom 6 (Christoph Bertschy 12) at 1:26
8. Senators , Carl Grundstrom 7 (Christoph Bertschy 13, Marc Michaelis 8) at 12:35
Penalties :
Martin Fehervary (Bel) for Hooking (Minor) at 2:50, Daniel O'regan (Tex) for High sticking (Minor) at 5:47, Radek Faksa (Bel) for Fighting (Major) at 17:36, Joey Anderson (Tex) for Fighting (Major) at 17:36
Goalie Stats
Danil Tarasov (Tex), 25 saves from 28 shots - (0.893), 43:09 minutes
Ilya Konovalov (Tex), 7 saves from 11 shots - (0.636), L, 1-3-0, 16:51 minutes
David Rittich (Bel), 32 saves from 33 shots - (0.970), W, 6-4-2, 60:00 minutes
Players Stats for Little Stars
Player Name G A P +/- PIM S H SB GA TA FO MP PP MP PK MP
------------------------------------------------------------------------------------
Aidan Mcdonough 1 0 1 0 0 2 0 0 0 0 0/0 10:55 0:23 0:00
Cal Burke 0 0 0 -3 0 2 1 0 0 0 0/1 9:23 0:00 0:00
Connor Mackey 0 0 0 -2 0 0 0 1 0 0 0/0 12:12 0:00 0:20
Daniel O'regan 0 0 0 -1 2 2 0 1 0 0 15/35 19:57 2:50 2:33
Emile Poirier 0 0 0 -1 0 1 0 0 0 0 0/0 5:15 0:00 1:26
Filip Chytil 0 0 0 -3 0 0 1 0 1 0 5/9 17:39 0:15 1:21
Jason Dickinson 0 1 1 0 0 1 0 0 0 0 7/10 19:11 2:52 2:09
Joey Anderson 0 0 0 -1 7 2 1 2 0 0 0/0 9:42 0:03 0:00
Jonathan Dahlen 0 0 0 -3 0 0 1 0 0 1 0/0 13:27 2:39 0:55
Justin Auger 0 0 0 0 0 2 0 1 0 0 0/0 17:28 2:52 0:00
Lawrence Pilut 0 0 0 -2 0 0 1 0 1 0 0/0 11:48 0:00 0:00
Matt Luff 0 0 0 -1 2 2 1 0 0 0 1/1 17:31 3:02 0:00
Radel Fazleev 0 0 0 -1 0 7 0 0 2 1 6/8 9:26 0:00 0:00
Reece Willcox 0 0 0 -1 0 2 3 3 0 1 0/0 27:08 3:34 4:00
Samuel Girard 0 0 0 -1 2 3 0 1 0 0 0/0 25:32 3:34 2:21
Shane Gersich 0 0 0 -1 0 5 0 1 2 1 2/4 23:55 2:55 3:42
Tucker Poolman 0 0 0 -2 0 2 2 0 1 0 0/0 21:04 2:23 2:03
Ville Pokka 0 0 0 -2 0 0 1 0 0 0 0/0 22:19 2:23 3:22
Players Stats for Senators
Player Name G A P +/- PIM S H SB GA TA FO MP PP MP PK MP
------------------------------------------------------------------------------------
Akil Thomas 0 0 0 0 0 2 4 0 0 0 1/5 9:32 0:00 0:32
Alec Regula 0 0 0 0 0 0 0 0 0 0 0/0 2:31 0:00 0:00
Artem Zub 1 0 1 0 0 5 2 1 1 2 0/0 28:34 3:52 3:33
Arttu Ruotsalainen 1 1 2 2 0 1 0 0 0 0 2/6 9:50 0:00 0:00
Axel Jonsson-Fjallby 0 0 0 0 0 1 0 0 0 1 0/0 8:32 0:00 0:00
Bryce Kindopp 0 0 0 0 0 0 1 0 0 1 0/0 8:32 0:00 0:00
C.J Suess 0 1 1 1 0 6 3 1 1 0 0/3 23:24 3:52 2:55
Carl Grundstrom 2 0 2 2 0 3 1 0 0 0 0/1 14:56 2:11 0:00
Christoph Bertschy 1 2 3 2 0 7 3 0 0 0 10/17 16:51 2:11 2:11
Gustav Forsling 0 0 0 1 0 0 0 0 0 1 0/0 12:30 0:00 0:00
Jesse Graham 1 1 2 0 0 2 1 1 0 0 0/0 26:03 3:52 3:33
Jonas Siegenthaler 0 0 0 4 0 1 1 1 0 0 0/0 18:56 2:11 2:24
Kiefer Sherwood 1 0 1 1 0 2 1 0 0 0 1/2 22:25 3:52 1:52
Logan O'Connor 0 0 0 2 0 2 2 0 0 0 0/0 10:11 0:00 0:00
Marc Michaelis 0 2 2 2 2 3 2 1 0 0 0/1 16:46 2:11 1:39
Martin Fehervary 0 0 0 1 2 0 0 0 1 0 0/0 12:33 0:00 0:00
Mason Geertsen 0 1 1 4 0 0 0 0 0 1 0/0 18:56 2:11 2:24
Radek Faksa 0 2 2 1 7 4 1 1 0 1 18/32 21:49 3:52 1:57
Vitaly Abramov 0 1 1 2 0 0 1 0 1 0 0/1 11:08 0:00 0:48
3 Stars
1 - Christoph Bertschy (Bel)
2 - Carl Grundstrom (Bel)
3 - David Rittich (Bel)
Power Play
Little Stars - 0 on 3 Attempt(s) - 0.00%
Senators - 1 on 4 Attempt(s) - 25.00%
Penalty Kill
Little Stars - 3 on 4 Attempt(s) - 75.00%
- Score 0 goal in Penalty Kill
Senators - 3 on 3 Attempt(s) - 100.00%
- Score 0 goal in Penalty Kill
Team Stat
Little Stars - Hits : 12 - Faceoff Wins : 36 - Blocked Shots : 10 - Penalty Minutes : 13
Senators - Hits : 23 - Faceoff Wins : 32 - Blocked Shots : 6 - Penalty Minutes : 11
Official
Referees : Chris Schlenker and Jacob Brenk
Linesman : Steve Barton and Vaughan Rody
Game Notes
Danil Tarasov enters game at 16:51 of 1st period
Emile Poirier is injured at 17:26 of 1st period (Torso)
16:38 of 2nd period - Senators goal is going for a video replay. After video review, Goal.
Radek Faksa and Joey Anderson fight to a draw at 17:36 of 3rd period
Finance
Level 1 -- Attendance: 1737 (86.85%) -- Ticket Income $121,590
Level 2 -- Attendance: 958 (95.80%) -- Ticket Income $38,320
Total Attendance: 2695 (89.83%)
Total Ticket Income: $159,910
Other Income: $7,996
Total Income: $167,906
Little Stars
5 vs 5 Forward
Center Left Wing Right Wing Time % Phy DF OF
1 Daniel O'regan Shane Gersich Matt Luff 40 1 2 2
2 Jason Dickinson Emile Poirier Justin Auger 30 1 2 2
3 Filip Chytil Jonathan Dahlen Cal Burke 20 1 2 2
4 Radel Fazleev Aidan Mcdonough Joey Anderson 10 1 2 2
5 vs 5 Defense
Defense Defense Time % Phy DF OF
1 Reece Willcox Samuel Girard 40 1 2 2
2 Tucker Poolman Ville Pokka 30 1 2 2
3 Connor Mackey Lawrence Pilut 20 1 2 2
4 Reece Willcox Samuel Girard 10 1 2 2
PowerPlay Forward
Center Left Wing Right Wing Time % Phy DF OF
1 Daniel O'regan Shane Gersich Matt Luff 60 0 2 3
2 Jason Dickinson Emile Poirier Justin Auger 40 0 2 3
PowerPlay Defense
Defense Defense Time % Phy DF OF
1 Reece Willcox Samuel Girard 60 1 2 2
2 Tucker Poolman Ville Pokka 40 1 2 2
Penalty Kill 4 Players Forward
Center Wing Time % Phy DF OF
1 Daniel O'regan Shane Gersich 60 1 2 2
2 Jason Dickinson Emile Poirier 40 1 2 2
Penalty Kill 4 Players Defense
Defense Defense Time % Phy DF OF
1 Reece Willcox Samuel Girard 60 0 3 2
2 Tucker Poolman Ville Pokka 40 0 3 2
Penalty Kill - 3 Players Forward
Forward Time % Phy DF OF
1 Daniel O'regan 60 1 2 2
2 Jason Dickinson 40 1 2 2
Penalty Kill - 3 Players Defense
Defense Defense Time % Phy DF OF
1 Reece Willcox Samuel Girard 60 0 3 2
2 Tucker Poolman Ville Pokka 40 0 3 2
4 vs 4 Forward
Center Wing Time % Phy DF OF
1 Daniel O'regan Shane Gersich 60 0 2 3
2 Jason Dickinson Emile Poirier 40 0 2 3
4 vs 4 Defense
Defense Defense Time % Phy DF OF
1 Reece Willcox Samuel Girard 60 1 2 2
2 Tucker Poolman Ville Pokka 40 1 2 2
Last Minutes Offensive
Center Left Wing Right Wing Defense Defense
Daniel O'regan Shane Gersich Matt Luff Reece Willcox Samuel Girard
Last Minutes Defensive
Center Left Wing Right Wing Defense Defense
Daniel O'regan Shane Gersich Matt Luff Reece Willcox Samuel Girard
Goaltenders
Starting : Ilya Konovalov
Backup : Danil Tarasov
Extra Forwards
Normal : Emile Poirier, Justin Auger, Filip Chytil - PP : Emile Poirier, Justin Auger - PK : Emile Poirier
Extra Defensemen
Normal : Ville Pokka, Connor Mackey, Lawrence Pilut - PP : Ville Pokka - PK : Ville Pokka, Connor Mackey
Penalty Shots
Daniel O'regan, Matt Luff, Shane Gersich, Jason Dickinson, Emile Poirier
Custom OT Lines Forwards
Daniel O'regan, Matt Luff, Shane Gersich, Jason Dickinson, Emile Poirier, Justin Auger, Filip Chytil, Radel Fazleev, Jonathan Dahlen, Aidan Mcdonough
Custom OT Lines Defensemen
Reece Willcox, Samuel Girard, Tucker Poolman, Ville Pokka, Connor Mackey
Scratches
Jack McBain (Healthy), Jean-Christophe Beaudin (Healthy), Rudolfs Balcers (Healthy), Yakov Trenin (Healthy), Givani Smith (Healthy)
Blade Jenkins (Healthy), Bulat Shafigullin (Healthy), Victor Soderstrom (Healthy), Rhett Pitlick (Healthy), Michael Giugovaz (Healthy)
Senators
5 vs 5 Forward
Center Left Wing Right Wing Time % Phy DF OF
1 Radek Faksa C.J Suess Kiefer Sherwood 40 0 2 3
2 Christoph Bertschy Marc Michaelis Carl Grundstrom 30 1 2 2
3 Arttu Ruotsalainen Vitaly Abramov Logan O'Connor 20 1 2 2
4 Akil Thomas Axel Jonsson-Fjallby Bryce Kindopp 10 1 2 2
5 vs 5 Defense
Defense Defense Time % Phy DF OF
1 Artem Zub Jesse Graham 40 0 2 3
2 Jonas Siegenthaler Mason Geertsen 30 1 2 2
3 Martin Fehervary Gustav Forsling 20 1 2 2
4 Alec Regula Artem Zub 10 1 2 2
PowerPlay Forward
Center Left Wing Right Wing Time % Phy DF OF
1 Radek Faksa C.J Suess Kiefer Sherwood 60 0 1 4
2 Christoph Bertschy Marc Michaelis Carl Grundstrom 40 0 1 4
PowerPlay Defense
Defense Defense Time % Phy DF OF
1 Artem Zub Jesse Graham 60 0 1 4
2 Jonas Siegenthaler Mason Geertsen 40 0 1 4
Penalty Kill 4 Players Forward
Center Wing Time % Phy DF OF
1 Radek Faksa C.J Suess 60 0 4 1
2 Christoph Bertschy Marc Michaelis 40 0 4 1
Penalty Kill 4 Players Defense
Defense Defense Time % Phy DF OF
1 Artem Zub Jesse Graham 60 0 4 1
2 Jonas Siegenthaler Mason Geertsen 40 0 4 1
Penalty Kill - 3 Players Forward
Forward Time % Phy DF OF
1 Radek Faksa 60 0 4 1
2 Christoph Bertschy 40 0 4 1
Penalty Kill - 3 Players Defense
Defense Defense Time % Phy DF OF
1 Artem Zub Jesse Graham 60 0 4 1
2 Jonas Siegenthaler Mason Geertsen 40 0 4 1
4 vs 4 Forward
Center Wing Time % Phy DF OF
1 Radek Faksa C.J Suess 60 0 2 3
2 Christoph Bertschy Marc Michaelis 40 1 2 2
4 vs 4 Defense
Defense Defense Time % Phy DF OF
1 Artem Zub Jesse Graham 60 0 2 3
2 Jonas Siegenthaler Mason Geertsen 40 1 2 2
Last Minutes Offensive
Center Left Wing Right Wing Defense Defense
Radek Faksa C.J Suess Kiefer Sherwood Artem Zub Jesse Graham
Last Minutes Defensive
Center Left Wing Right Wing Defense Defense
Radek Faksa C.J Suess Kiefer Sherwood Artem Zub Jesse Graham
Goaltenders
Starting : David Rittich
Backup : Arvid Soderblom
Extra Forwards
Normal : Kiefer Sherwood, Carl Grundstrom, Logan O'Connor - PP : Kiefer Sherwood, Carl Grundstrom - PK : Kiefer Sherwood
Extra Defensemen
Normal : Martin Fehervary, Gustav Forsling, Alec Regula - PP : Martin Fehervary - PK : Martin Fehervary, Gustav Forsling
Penalty Shots
Radek Faksa, Christoph Bertschy, C.J Suess, Marc Michaelis, Kiefer Sherwood
Custom OT Lines Forwards
Radek Faksa, Christoph Bertschy, C.J Suess, Marc Michaelis, Kiefer Sherwood, Carl Grundstrom, Logan O'Connor, Vitaly Abramov, Axel Jonsson-Fjallby, Arttu Ruotsalainen
Custom OT Lines Defensemen
Artem Zub, Jesse Graham, Jonas Siegenthaler, Mason Geertsen, Martin Fehervary
Scratches
Anton Karlsson (Healthy), Ivan Morozov (Healthy), Cliff Pu (Healthy), Tyler Angle (Healthy), Jett Woo (Healthy)
Adam Mascherin (Healthy), Olivier Rodrigue (Healthy)
% Time on Ice - Little Stars
Lines # - Real PCT - Wanted PCT - Time Play
Normal Forward
1 - 30% - 40% - 14:35
2 - 30% - 30% - 14:36
3 - 20% - 20% - 9:23
4 - 20% - 10% - 9:26
Normal Defense
1 - 39% - 40% - 18:44
2 - 35% - 30% - 16:38
3 - 25% - 20% - 11:48
4 - 2% - 10% - 0:50
PP Forward
1 - 48% - 60% - 2:50
2 - 52% - 40% - 3:07
PP Defense
1 - 60% - 60% - 3:34
2 - 40% - 40% - 2:23
PK Forward
1 - 80% - 60% - 4:49
2 - 20% - 40% - 1:14
PK Defense
1 - 66% - 60% - 4:00
2 - 34% - 40% - 2:03
PK3 Forward
1 - 0% - 60%
2 - 0% - 40%
PK3 Defense
1 - 0% - 60%
2 - 0% - 40%
44 Forward
1 - 0% - 60%
2 - 0% - 40%
44 Defense
1 - 0% - 60%
2 - 0% - 40%
Last Minute Offensive - 0:00
Last Minute Defensive - 0:00
Total
Forward - 60:00
Defense - 60:00
|
% Time on Ice - Senators
Lines # - Real PCT - Wanted PCT - Time Play
Normal Forward
1 - 36% - 40% - 17:09
2 - 26% - 30% - 12:29
3 - 20% - 20% - 9:50
4 - 18% - 10% - 8:32
Normal Defense
1 - 39% - 40% - 18:38
2 - 30% - 30% - 14:21
3 - 26% - 20% - 12:30
4 - 5% - 10% - 2:31
PP Forward
1 - 64% - 60% - 3:52
2 - 36% - 40% - 2:11
PP Defense
1 - 64% - 60% - 3:52
2 - 36% - 40% - 2:11
PK Forward
1 - 80% - 60% - 4:46
2 - 20% - 40% - 1:11
PK Defense
1 - 60% - 60% - 3:33
2 - 40% - 40% - 2:24
PK3 Forward
1 - 0% - 60%
2 - 0% - 40%
PK3 Defense
1 - 0% - 60%
2 - 0% - 40%
44 Forward
1 - 0% - 60%
2 - 0% - 40%
44 Defense
1 - 0% - 60%
2 - 0% - 40%
Last Minute Offensive - 0:00
Last Minute Defensive - 0:00
Total
Forward - 60:00
Defense - 60:00
|
Play-by-Play
1st period
0:01 of 1st period - Radek Faksa wins face-off versus Shane Gersich in neutral zone.
0:14 of 1st period - Wrist shot by Matt Luff.
0:14 of 1st period - Stopped by David Rittich with a rebound.
1:07 of 1st period - Snap shot by Samuel Girard.
1:07 of 1st period - Shot Misses the Net.
1:21 of 1st period - Snap shot by Justin Auger.
1:21 of 1st period - Deflect By Jesse Graham.
1:21 of 1st period - Shot Misses the Net.
1:21 of 1st period - Puck is out of play.
1:22 of 1st period - Filip Chytil wins face-off versus Arttu Ruotsalainen in Senators zone.
1:33 of 1st period - Snap shot by Arttu Ruotsalainen.
1:33 of 1st period - Goal by Arttu Ruotsalainen - Little Stars : 0 - Senators : 1.
1:34 of 1st period - Daniel O'regan wins face-off versus Radek Faksa in neutral zone.
2:05 of 1st period - Off-side.
2:06 of 1st period - Arttu Ruotsalainen wins face-off versus Filip Chytil in neutral zone.
2:17 of 1st period - Snap shot by Filip Chytil.
2:17 of 1st period - Deflect By Jonathan Dahlen.
2:17 of 1st period - Shot Misses the Net.
2:17 of 1st period - Puck is out of play.
2:18 of 1st period - Daniel O'regan wins face-off versus Radek Faksa in Senators zone.
2:33 of 1st period - Slapshot by Kiefer Sherwood.
2:33 of 1st period - Shot Misses the Net.
3:02 of 1st period - Snap shot by Radel Fazleev.
3:02 of 1st period - Stopped by David Rittich without a rebound.
3:03 of 1st period - Radel Fazleev wins face-off versus Akil Thomas in Senators zone.
3:04 of 1st period - Slapshot by Samuel Girard.
3:04 of 1st period - Deflect By Mason Geertsen.
3:04 of 1st period - Stopped by David Rittich with a rebound.
3:14 of 1st period - Slapshot by Radel Fazleev.
3:14 of 1st period - Shot Misses the Net.
3:53 of 1st period - Slapshot by Jason Dickinson.
3:53 of 1st period - Stopped by David Rittich without a rebound.
3:54 of 1st period - Jason Dickinson wins face-off versus Arttu Ruotsalainen in Senators zone.
4:01 of 1st period - Slapshot by Emile Poirier.
4:01 of 1st period - Stopped by David Rittich with a rebound.
4:10 of 1st period - Snap shot by Jesse Graham.
4:10 of 1st period - Goal by Jesse Graham - Little Stars : 0 - Senators : 2.
4:11 of 1st period - Radek Faksa wins face-off versus Daniel O'regan in neutral zone.
4:18 of 1st period - Wrist shot by Radek Faksa.
4:18 of 1st period - Shot Blocked by Reece Willcox.
4:20 of 1st period - Minor Penalty to Samuel Girard for Slashing.
4:21 of 1st period - Radek Faksa wins face-off versus Daniel O'regan in Little Stars zone.
4:28 of 1st period - Wrist shot by Radek Faksa.
4:28 of 1st period - Stopped by Ilya Konovalov without a rebound.
4:29 of 1st period - Radek Faksa wins face-off versus Daniel O'regan in Little Stars zone.
4:30 of 1st period - Wrist shot by C.J Suess.
4:30 of 1st period - Shot Hit the Post.
4:32 of 1st period - Slapshot by Jesse Graham.
4:32 of 1st period - Shot Misses the Net.
4:34 of 1st period - Wrist shot by Artem Zub.
4:34 of 1st period - Deflect By C.J Suess.
4:34 of 1st period - Shot Misses the Net.
4:34 of 1st period - Puck is out of play.
4:35 of 1st period - Daniel O'regan wins face-off versus Radek Faksa in Little Stars zone.
4:50 of 1st period - Snap shot by C.J Suess.
4:50 of 1st period - Stopped by Ilya Konovalov without a rebound.
4:51 of 1st period - Christoph Bertschy wins face-off versus Daniel O'regan in Little Stars zone.
5:00 of 1st period - Wrist shot by Carl Grundstrom.
5:00 of 1st period - Stopped by Ilya Konovalov with a rebound.
5:21 of 1st period - Off-side.
5:22 of 1st period - Radek Faksa wins face-off versus Daniel O'regan in neutral zone.
5:37 of 1st period - C.J Suess is hit by Reece Willcox and loses puck.
6:20 of 1st period - Penalty to Samuel Girard is over, Samuel Girard is back on ice.
6:23 of 1st period - Slapshot by Kiefer Sherwood.
6:23 of 1st period - Stopped by Ilya Konovalov without a rebound.
6:24 of 1st period - Christoph Bertschy wins face-off versus Filip Chytil in Little Stars zone.
6:27 of 1st period - Snap shot by Christoph Bertschy.
6:27 of 1st period - Stopped by Ilya Konovalov with a rebound.
6:51 of 1st period - Lawrence Pilut is hit by Logan O'Connor and loses puck.
7:20 of 1st period - Snap shot by Axel Jonsson-Fjallby.
7:20 of 1st period - Shot Misses the Net.
7:55 of 1st period - Slapshot by Jonathan Dahlen.
7:55 of 1st period - Deflect By Filip Chytil.
7:55 of 1st period - Shot Misses the Net.
7:55 of 1st period - Puck is out of play.
7:56 of 1st period - Arttu Ruotsalainen wins face-off versus Filip Chytil in Senators zone.
8:05 of 1st period - Mason Geertsen is hit by Jonathan Dahlen and loses puck.
8:22 of 1st period - Reece Willcox is hit by C.J Suess.
8:53 of 1st period - Off-side.
8:54 of 1st period - Christoph Bertschy wins face-off versus Filip Chytil in neutral zone.
9:08 of 1st period - Off-side.
9:09 of 1st period - Daniel O'regan wins face-off versus Radek Faksa in neutral zone.
10:48 of 1st period - Joey Anderson is hit by C.J Suess and loses puck.
11:30 of 1st period - Snap shot by Christoph Bertschy.
11:30 of 1st period - Goal by Christoph Bertschy - Little Stars : 0 - Senators : 3.
11:31 of 1st period - Daniel O'regan wins face-off versus C.J Suess in neutral zone.
11:36 of 1st period - Backhand shot by Samuel Girard.
11:36 of 1st period - Deflect By Radek Faksa.
11:36 of 1st period - Stopped by David Rittich without a rebound.
11:37 of 1st period - Radek Faksa wins face-off versus Daniel O'regan in Senators zone.
11:46 of 1st period - Wrist shot by Daniel O'regan.
11:46 of 1st period - Stopped by David Rittich with a rebound.
11:48 of 1st period - Snap shot by Daniel O'regan.
11:48 of 1st period - Shot Misses the Net.
12:12 of 1st period - Snap shot by Samuel Girard.
12:12 of 1st period - Shot Blocked by Artem Zub.
12:32 of 1st period - Slapshot by Artem Zub.
12:32 of 1st period - Shot Misses the Net.
13:11 of 1st period - Minor Penalty to Matt Luff for Tripping.
13:12 of 1st period - Daniel O'regan wins face-off versus Kiefer Sherwood in Little Stars zone.
14:43 of 1st period - Icing by C.J Suess.
14:44 of 1st period - Filip Chytil wins face-off versus Radek Faksa in Senators zone.
15:11 of 1st period - Penalty to Matt Luff is over, Matt Luff is back on ice.
15:17 of 1st period - Slapshot by Reece Willcox.
15:17 of 1st period - Stopped by David Rittich without a rebound.
15:18 of 1st period - Filip Chytil wins face-off versus Arttu Ruotsalainen in Senators zone.
15:29 of 1st period - Slapshot by Cal Burke.
15:29 of 1st period - Stopped by David Rittich without a rebound.
15:30 of 1st period - Jason Dickinson wins face-off versus Radek Faksa in Senators zone.
15:55 of 1st period - Shane Gersich is hit by Christoph Bertschy and loses puck.
16:27 of 1st period - Logan O'Connor is hit by Cal Burke and loses puck.
16:37 of 1st period - Icing by Lawrence Pilut.
16:38 of 1st period - Radek Faksa wins face-off versus Radel Fazleev in Little Stars zone.
16:39 of 1st period - Snap shot by Kiefer Sherwood.
16:39 of 1st period - Shot Blocked by Connor Mackey.
16:41 of 1st period - Snap shot by C.J Suess.
16:41 of 1st period - Stopped by Ilya Konovalov with a rebound.
16:47 of 1st period - Slapshot by C.J Suess.
16:47 of 1st period - Shot Misses the Net.
16:49 of 1st period - Snap shot by C.J Suess.
16:49 of 1st period - Stopped by Ilya Konovalov with a rebound.
16:51 of 1st period - Snap shot by Kiefer Sherwood.
16:51 of 1st period - Goal by Kiefer Sherwood - Little Stars : 0 - Senators : 4.
16:51 of 1st period - Danil Tarasov enters game.
16:52 of 1st period - Radek Faksa wins face-off versus Shane Gersich in neutral zone.
16:59 of 1st period - Snap shot by C.J Suess.
16:59 of 1st period - Shot Blocked by Shane Gersich.
17:17 of 1st period - Christoph Bertschy is hit by Reece Willcox.
17:25 of 1st period - Emile Poirier is hit by Marc Michaelis and loses puck.
17:26 of 1st period - Emile Poirier from Little Stars is injured at 17:26 of 1st period (Torso).
17:27 of 1st period - Daniel O'regan wins face-off versus C.J Suess in Little Stars zone.
18:03 of 1st period - Snap shot by Justin Auger.
18:03 of 1st period - Stopped by David Rittich without a rebound.
18:04 of 1st period - Radek Faksa wins face-off versus Daniel O'regan in Senators zone.
19:14 of 1st period - Daniel O'regan is hit by Akil Thomas and loses puck.
19:37 of 1st period - Vitaly Abramov is hit by Filip Chytil and loses puck.
19:48 of 1st period - Backhand shot by Aidan Mcdonough.
19:48 of 1st period - Stopped by David Rittich with a rebound.
Goals for this period are 0 for Little Stars vs 4 for Senators.
Shots for this period are 11 for Little Stars vs 11 for Senators.
2nd period
0:01 of 2nd period - Radek Faksa wins face-off versus Daniel O'regan in neutral zone.
0:12 of 2nd period - Wrist shot by Shane Gersich.
0:12 of 2nd period - Stopped by David Rittich without a rebound.
0:13 of 2nd period - Radek Faksa wins face-off versus Daniel O'regan in Senators zone.
0:15 of 2nd period - Minor Penalty to Radek Faksa for Roughing.
0:16 of 2nd period - Kiefer Sherwood wins face-off versus Daniel O'regan in Senators zone.
1:59 of 2nd period - Matt Luff is hit by Artem Zub and loses puck.
2:15 of 2nd period - Penalty to Radek Faksa is over, Radek Faksa is back on ice.
3:49 of 2nd period - Radek Faksa is hit by Ville Pokka and loses puck.
4:36 of 2nd period - Minor Penalty to Marc Michaelis for Tripping.
4:37 of 2nd period - Daniel O'regan wins face-off versus Radek Faksa in Senators zone.
6:36 of 2nd period - Penalty to Marc Michaelis is over, Marc Michaelis is back on ice.
6:59 of 2nd period - Slapshot by Vitaly Abramov.
6:59 of 2nd period - Shot Blocked by Reece Willcox.
7:01 of 2nd period - Slapshot by Jesse Graham.
7:01 of 2nd period - Deflect By Marc Michaelis.
7:01 of 2nd period - Shot Misses the Net.
7:01 of 2nd period - Puck is out of play.
7:02 of 2nd period - Radek Faksa wins face-off versus Daniel O'regan in Little Stars zone.
7:31 of 2nd period - Snap shot by Carl Grundstrom.
7:31 of 2nd period - Shot Misses the Net.
7:57 of 2nd period - Connor Mackey is hit by Bryce Kindopp.
8:05 of 2nd period - Snap shot by Shane Gersich.
8:05 of 2nd period - Shot Misses the Net.
8:17 of 2nd period - Slapshot by Radek Faksa.
8:17 of 2nd period - Shot Misses the Net.
8:19 of 2nd period - Snap shot by C.J Suess.
8:19 of 2nd period - Stopped by Danil Tarasov without a rebound.
8:20 of 2nd period - Filip Chytil wins face-off versus Radek Faksa in Little Stars zone.
8:43 of 2nd period - Radek Faksa is hit by Tucker Poolman and loses puck.
9:26 of 2nd period - Slapshot by C.J Suess.
9:26 of 2nd period - Shot Misses the Net.
9:42 of 2nd period - Slapshot by Radek Faksa.
9:42 of 2nd period - Shot Misses the Net.
9:52 of 2nd period - Filip Chytil is hit by Kiefer Sherwood and loses puck.
10:05 of 2nd period - Wrist shot by Cal Burke.
10:05 of 2nd period - Stopped by David Rittich without a rebound.
10:06 of 2nd period - Jason Dickinson wins face-off versus Christoph Bertschy in Senators zone.
10:31 of 2nd period - Samuel Girard is hit by Vitaly Abramov and loses puck.
11:01 of 2nd period - Jesse Graham is hit by Matt Luff and loses puck.
11:16 of 2nd period - Slapshot by Jason Dickinson.
11:16 of 2nd period - Shot Blocked by Marc Michaelis.
11:18 of 2nd period - Wrist shot by Aidan Mcdonough.
11:18 of 2nd period - Goal by Aidan Mcdonough - Little Stars : 1 - Senators : 4.
11:19 of 2nd period - Jason Dickinson wins face-off versus Christoph Bertschy in neutral zone.
11:24 of 2nd period - Wrist shot by Shane Gersich.
11:24 of 2nd period - Stopped by David Rittich without a rebound.
11:25 of 2nd period - Christoph Bertschy wins face-off versus Jason Dickinson in Senators zone.
11:30 of 2nd period - Snap shot by Marc Michaelis.
11:30 of 2nd period - Deflect By Christoph Bertschy.
11:30 of 2nd period - Stopped by Danil Tarasov without a rebound.
11:31 of 2nd period - Christoph Bertschy wins face-off versus Daniel O'regan in Little Stars zone.
11:56 of 2nd period - Jesse Graham is hit by Joey Anderson and loses puck.
12:03 of 2nd period - Snap shot by Radel Fazleev.
12:03 of 2nd period - Stopped by David Rittich without a rebound.
12:04 of 2nd period - Daniel O'regan wins face-off versus Radek Faksa in Senators zone.
12:07 of 2nd period - Snap shot by Matt Luff.
12:07 of 2nd period - Stopped by David Rittich with a rebound.
12:33 of 2nd period - Slapshot by Filip Chytil.
12:33 of 2nd period - Shot Hit the Post.
12:52 of 2nd period - Wrist shot by Christoph Bertschy.
12:52 of 2nd period - Shot Misses the Net.
12:58 of 2nd period - Snap shot by Marc Michaelis.
12:58 of 2nd period - Stopped by Danil Tarasov with a rebound.
13:14 of 2nd period - Wrist shot by Matt Luff.
13:14 of 2nd period - Shot Misses the Net.
13:40 of 2nd period - Jason Dickinson is hit by Artem Zub and loses puck.
13:45 of 2nd period - Slapshot by Artem Zub.
13:45 of 2nd period - Stopped by Danil Tarasov with a rebound.
14:12 of 2nd period - Wrist shot by Logan O'Connor.
14:12 of 2nd period - Stopped by Danil Tarasov without a rebound.
14:13 of 2nd period - Radel Fazleev wins face-off versus Arttu Ruotsalainen in Little Stars zone.
14:22 of 2nd period - Aidan Mcdonough is hit by Logan O'Connor and loses puck.
14:27 of 2nd period - Slapshot by Artem Zub.
14:27 of 2nd period - Stopped by Danil Tarasov without a rebound.
14:28 of 2nd period - Radek Faksa wins face-off versus Daniel O'regan in Little Stars zone.
14:41 of 2nd period - Snap shot by Radek Faksa.
14:41 of 2nd period - Stopped by Danil Tarasov with a rebound.
14:43 of 2nd period - Wrist shot by Radek Faksa.
14:43 of 2nd period - Stopped by Danil Tarasov with a rebound.
15:18 of 2nd period - Snap shot by Radel Fazleev.
15:18 of 2nd period - Stopped by David Rittich with a rebound.
15:20 of 2nd period - Slapshot by Reece Willcox.
15:20 of 2nd period - Deflect By Radel Fazleev.
15:20 of 2nd period - Stopped by David Rittich with a rebound.
15:22 of 2nd period - Snap shot by Radel Fazleev.
15:22 of 2nd period - Shot Blocked by Jesse Graham.
15:24 of 2nd period - Slapshot by Reece Willcox.
15:24 of 2nd period - Stopped by David Rittich without a rebound.
15:25 of 2nd period - Shane Gersich wins face-off versus Radek Faksa in Senators zone.
15:26 of 2nd period - Slapshot by Daniel O'regan.
15:26 of 2nd period - Shot Misses the Net.
15:32 of 2nd period - Slapshot by Shane Gersich.
15:32 of 2nd period - Stopped by David Rittich with a rebound.
15:34 of 2nd period - Slapshot by Tucker Poolman.
15:34 of 2nd period - Stopped by David Rittich with a rebound.
15:36 of 2nd period - Slapshot by Tucker Poolman.
15:36 of 2nd period - Stopped by David Rittich with a rebound.
15:52 of 2nd period - Filip Chytil is hit by Carl Grundstrom and loses puck.
16:10 of 2nd period - Off-side.
16:11 of 2nd period - Radel Fazleev wins face-off versus Vitaly Abramov in neutral zone.
16:16 of 2nd period - Snap shot by Radel Fazleev.
16:16 of 2nd period - Stopped by David Rittich with a rebound.
16:26 of 2nd period - Slapshot by Vitaly Abramov.
16:26 of 2nd period - Shot Blocked by Joey Anderson.
16:32 of 2nd period - Minor Penalty to Joey Anderson for Tripping.
16:33 of 2nd period - Radek Faksa wins face-off versus Daniel O'regan in Little Stars zone.
16:34 of 2nd period - Wrist shot by C.J Suess.
16:34 of 2nd period - Deflect By Radek Faksa.
16:34 of 2nd period - Stopped by Danil Tarasov with a rebound.
16:36 of 2nd period - Slapshot by Jesse Graham.
16:36 of 2nd period - Shot Misses the Net.
16:38 of 2nd period - Slapshot by Artem Zub.
16:38 of 2nd period - Deflect By Daniel O'regan.
16:38 of 2nd period - Senators goal is going for a video replay.
16:38 of 2nd period - The goal is good.
16:38 of 2nd period - Goal by Artem Zub - Little Stars : 1 - Senators : 5.
16:39 of 2nd period - Matt Luff wins face-off versus Radek Faksa in neutral zone.
17:52 of 2nd period - Wrist shot by C.J Suess.
17:52 of 2nd period - Stopped by Danil Tarasov without a rebound.
17:53 of 2nd period - Radek Faksa wins face-off versus Jason Dickinson in Little Stars zone.
17:56 of 2nd period - Snap shot by Radek Faksa.
17:56 of 2nd period - Shot Misses the Net.
17:58 of 2nd period - Slapshot by Jesse Graham.
17:58 of 2nd period - Shot Misses the Net.
18:00 of 2nd period - Slapshot by Jesse Graham.
18:00 of 2nd period - Shot Blocked by Justin Auger.
18:02 of 2nd period - Snap shot by Kiefer Sherwood.
18:02 of 2nd period - Shot Misses the Net.
19:26 of 2nd period - Wrist shot by Jason Dickinson.
19:26 of 2nd period - Shot Blocked by C.J Suess.
19:28 of 2nd period - Snap shot by Filip Chytil.
19:28 of 2nd period - Shot Misses the Net.
19:30 of 2nd period - Snap shot by Justin Auger.
19:30 of 2nd period - Shot Misses the Net.
Goals for this period are 1 for Little Stars vs 1 for Senators.
Shots for this period are 13 for Little Stars vs 11 for Senators.
3rd period
0:01 of 3rd period - Christoph Bertschy wins face-off versus Daniel O'regan in neutral zone.
0:12 of 3rd period - Slapshot by Samuel Girard.
0:12 of 3rd period - Shot Misses the Net.
0:51 of 3rd period - Icing by Lawrence Pilut.
0:52 of 3rd period - Jason Dickinson wins face-off versus Christoph Bertschy in Little Stars zone.
0:56 of 3rd period - Off-side.
0:57 of 3rd period - Christoph Bertschy wins face-off versus Daniel O'regan in neutral zone.
1:06 of 3rd period - Snap shot by Christoph Bertschy.
1:06 of 3rd period - Stopped by Danil Tarasov with a rebound.
1:08 of 3rd period - Slapshot by Marc Michaelis.
1:08 of 3rd period - Stopped by Danil Tarasov without a rebound.
1:09 of 3rd period - Daniel O'regan wins face-off versus Radek Faksa in Little Stars zone.
1:14 of 3rd period - Slapshot by Reece Willcox.
1:14 of 3rd period - Shot Misses the Net.
1:20 of 3rd period - Slapshot by Artem Zub.
1:20 of 3rd period - Deflect By Shane Gersich.
1:20 of 3rd period - Stopped by Danil Tarasov with a rebound.
1:22 of 3rd period - Slapshot by Artem Zub.
1:22 of 3rd period - Shot Blocked by Daniel O'regan.
1:24 of 3rd period - Snap shot by Jesse Graham.
1:24 of 3rd period - Stopped by Danil Tarasov without a rebound.
1:25 of 3rd period - Christoph Bertschy wins face-off versus Cal Burke in Little Stars zone.
1:26 of 3rd period - Snap shot by Carl Grundstrom.
1:26 of 3rd period - Goal by Carl Grundstrom - Little Stars : 1 - Senators : 6.
1:27 of 3rd period - Daniel O'regan wins face-off versus Christoph Bertschy in neutral zone.
2:15 of 3rd period - Jesse Graham is hit by Lawrence Pilut and loses puck.
2:34 of 3rd period - Radel Fazleev is hit by Jesse Graham and loses puck.
2:41 of 3rd period - Slapshot by Reece Willcox.
2:41 of 3rd period - Deflect By Aidan Mcdonough.
2:41 of 3rd period - Shot Misses the Net.
2:41 of 3rd period - Puck is out of play.
2:42 of 3rd period - Daniel O'regan wins face-off versus Christoph Bertschy in Senators zone.
2:43 of 3rd period - Wrist shot by Shane Gersich.
2:43 of 3rd period - Stopped by David Rittich without a rebound.
2:44 of 3rd period - Daniel O'regan wins face-off versus Christoph Bertschy in Senators zone.
2:50 of 3rd period - Minor Penalty to Martin Fehervary for Hooking.
2:51 of 3rd period - Radek Faksa wins face-off versus Daniel O'regan in Senators zone.
3:03 of 3rd period - Wrist shot by Shane Gersich.
3:03 of 3rd period - Stopped by David Rittich with a rebound.
3:05 of 3rd period - Wrist shot by Reece Willcox.
3:05 of 3rd period - Shot Misses the Net.
3:07 of 3rd period - Slapshot by Samuel Girard.
3:07 of 3rd period - Shot Misses the Net.
4:50 of 3rd period - Penalty to Martin Fehervary is over, Martin Fehervary is back on ice.
4:59 of 3rd period - Snap shot by Axel Jonsson-Fjallby.
4:59 of 3rd period - Stopped by Danil Tarasov with a rebound.
5:01 of 3rd period - Slapshot by Gustav Forsling.
5:01 of 3rd period - Deflect By Axel Jonsson-Fjallby.
5:01 of 3rd period - Shot Misses the Net.
5:01 of 3rd period - Puck is out of play.
5:02 of 3rd period - Radel Fazleev wins face-off versus Akil Thomas in Little Stars zone.
5:02 of 3rd period - Radel Fazleev is hit by Akil Thomas.
5:47 of 3rd period - Minor Penalty to Daniel O'regan for High sticking.
5:48 of 3rd period - Filip Chytil wins face-off versus Radek Faksa in Little Stars zone.
7:21 of 3rd period - Jonathan Dahlen is hit by Marc Michaelis and loses puck.
7:42 of 3rd period - Tucker Poolman is hit by C.J Suess and loses puck.
7:47 of 3rd period - Penalty to Daniel O'regan is over, Daniel O'regan is back on ice.
7:53 of 3rd period - Jesse Graham is hit by Tucker Poolman and loses puck.
8:22 of 3rd period - Wrist shot by Daniel O'regan.
8:22 of 3rd period - Stopped by David Rittich without a rebound.
8:23 of 3rd period - Radel Fazleev wins face-off versus Akil Thomas in Senators zone.
8:24 of 3rd period - Snap shot by Joey Anderson.
8:24 of 3rd period - Stopped by David Rittich with a rebound.
8:30 of 3rd period - Snap shot by Axel Jonsson-Fjallby.
8:30 of 3rd period - Deflect By Akil Thomas.
8:30 of 3rd period - Stopped by Danil Tarasov without a rebound.
8:31 of 3rd period - Akil Thomas wins face-off versus Radel Fazleev in Little Stars zone.
8:54 of 3rd period - Slapshot by Axel Jonsson-Fjallby.
8:54 of 3rd period - Deflect By Samuel Girard.
8:54 of 3rd period - Shot Blocked by Joey Anderson.
8:54 of 3rd period - Puck is out of play.
8:55 of 3rd period - Radek Faksa wins face-off versus Daniel O'regan in Little Stars zone.
8:56 of 3rd period - Slapshot by Martin Fehervary.
8:56 of 3rd period - Shot Misses the Net.
9:21 of 3rd period - Jason Dickinson is hit by Christoph Bertschy and loses puck.
9:28 of 3rd period - Wrist shot by Christoph Bertschy.
9:28 of 3rd period - Stopped by Danil Tarasov with a rebound.
9:30 of 3rd period - Wrist shot by Christoph Bertschy.
9:30 of 3rd period - Stopped by Danil Tarasov with a rebound.
9:32 of 3rd period - Slapshot by Mason Geertsen.
9:32 of 3rd period - Shot Hit the Post.
9:57 of 3rd period - Slapshot by Radel Fazleev.
9:57 of 3rd period - Shot Misses the Net.
10:07 of 3rd period - Slapshot by Akil Thomas.
10:07 of 3rd period - Stopped by Danil Tarasov with a rebound.
10:09 of 3rd period - Slapshot by Jonas Siegenthaler.
10:09 of 3rd period - Shot Misses the Net.
10:11 of 3rd period - Snap shot by Mason Geertsen.
10:11 of 3rd period - Shot Misses the Net.
10:13 of 3rd period - Wrist shot by Akil Thomas.
10:13 of 3rd period - Shot Misses the Net.
10:15 of 3rd period - Slapshot by Bryce Kindopp.
10:15 of 3rd period - Shot Misses the Net.
10:17 of 3rd period - Snap shot by Mason Geertsen.
10:17 of 3rd period - Shot Blocked by Samuel Girard.
10:45 of 3rd period - Connor Mackey is hit by Christoph Bertschy.
12:21 of 3rd period - Snap shot by Radel Fazleev.
12:21 of 3rd period - Stopped by David Rittich with a rebound.
12:23 of 3rd period - Slapshot by Joey Anderson.
12:23 of 3rd period - Stopped by David Rittich without a rebound.
12:24 of 3rd period - Christoph Bertschy wins face-off versus Daniel O'regan in Senators zone.
12:35 of 3rd period - Wrist shot by Carl Grundstrom.
12:35 of 3rd period - Goal by Carl Grundstrom - Little Stars : 1 - Senators : 7.
12:36 of 3rd period - Radek Faksa wins face-off versus Daniel O'regan in neutral zone.
13:12 of 3rd period - Snap shot by Logan O'Connor.
13:12 of 3rd period - Stopped by Danil Tarasov with a rebound.
13:27 of 3rd period - Icing by Shane Gersich.
13:28 of 3rd period - Shane Gersich wins face-off versus Radek Faksa in Little Stars zone.
13:37 of 3rd period - Slapshot by Daniel O'regan.
13:37 of 3rd period - Shot Blocked by Radek Faksa.
13:39 of 3rd period - Slapshot by Matt Luff.
13:39 of 3rd period - Shot Blocked by Jonas Siegenthaler.
13:41 of 3rd period - Snap shot by Matt Luff.
13:41 of 3rd period - Shot Misses the Net.
13:43 of 3rd period - Snap shot by Daniel O'regan.
13:43 of 3rd period - Deflect By Matt Luff.
13:43 of 3rd period - Shot Misses the Net.
13:43 of 3rd period - Puck is out of play.
13:44 of 3rd period - Jason Dickinson wins face-off versus Christoph Bertschy in Senators zone.
13:45 of 3rd period - Slapshot by Justin Auger.
13:45 of 3rd period - Stopped by David Rittich with a rebound.
13:47 of 3rd period - Slapshot by Samuel Girard.
13:47 of 3rd period - Stopped by David Rittich with a rebound.
13:49 of 3rd period - Snap shot by Jason Dickinson.
13:49 of 3rd period - Shot Hit the Post.
14:39 of 3rd period - Logan O'Connor is hit by Reece Willcox and loses puck.
14:54 of 3rd period - Ville Pokka is hit by Akil Thomas and loses puck.
16:12 of 3rd period - Shane Gersich is hit by Akil Thomas and loses puck.
16:39 of 3rd period - Aidan Mcdonough is hit by Radek Faksa and loses puck.
16:59 of 3rd period - Slapshot by Jonas Siegenthaler.
16:59 of 3rd period - Deflect By Samuel Girard.
16:59 of 3rd period - Stopped by Danil Tarasov with a rebound.
17:17 of 3rd period - Jason Dickinson is hit by Jonas Siegenthaler and loses puck.
17:31 of 3rd period - Off-side.
17:32 of 3rd period - Radel Fazleev wins face-off versus C.J Suess in neutral zone.
17:36 of 3rd period - Radek Faksa and Joey Anderson fight to a draw.
17:36 of 3rd period - Penalty to Radek Faksa for Fighting.
17:36 of 3rd period - Penalty to Joey Anderson for Fighting.
17:37 of 3rd period - Daniel O'regan wins face-off versus Carl Grundstrom in Senators zone.
17:52 of 3rd period - Snap shot by C.J Suess.
17:52 of 3rd period - Stopped by Danil Tarasov without a rebound.
17:53 of 3rd period - Christoph Bertschy wins face-off versus Jason Dickinson in Little Stars zone.
17:54 of 3rd period - Snap shot by Marc Michaelis.
17:54 of 3rd period - Stopped by Danil Tarasov without a rebound.
17:55 of 3rd period - Jason Dickinson wins face-off versus Marc Michaelis in Little Stars zone.
18:06 of 3rd period - Slapshot by Artem Zub.
18:06 of 3rd period - Shot Blocked by Reece Willcox.
18:08 of 3rd period - Slapshot by Artem Zub.
18:08 of 3rd period - Stopped by Danil Tarasov with a rebound.
18:10 of 3rd period - Slapshot by Artem Zub.
18:10 of 3rd period - Shot Misses the Net.
18:12 of 3rd period - Wrist shot by Marc Michaelis.
18:12 of 3rd period - Deflect By Christoph Bertschy.
18:12 of 3rd period - Stopped by Danil Tarasov with a rebound.
18:46 of 3rd period - Snap shot by Radel Fazleev.
18:46 of 3rd period - Stopped by David Rittich without a rebound.
18:47 of 3rd period - Daniel O'regan wins face-off versus Akil Thomas in Senators zone.
Goals for this period are 0 for Little Stars vs 2 for Senators.
Shots for this period are 9 for Little Stars vs 17 for Senators.